AoeStats
← Mehaverage

Arena

508720347Analyzed
2v2 RM · 9d ago on Sep 23, 2026· 40m 46s· 4 players
Game mode
Random Map
Map size
Medium (4 player)
Population
200
Speed
Normal
Resources
Standard
Victory
Conquest
Starting age
Dark Age
Ending age
Imperial Age
RankedLock teamsTeams togetherTeam positionsShared explorationLock speedFull tech treeHidden civsTurbo modeCheats
Victory
Defeat
🇺🇸 Cumans · United States
997
+15
🇨🇴 Bohemians · Colombia
904
+19
🇩🇪 Koreans · Germany
970
-17
🇬🇧 Burmese · United Kingdom
961
-17
cjblikstad
0:58 Loom
10:55 Feudal Age
12:14 Wheelbarrow
13:01 Forging
12:52 Scale Mail Armor
12:22 Man-at-Arms
13:23 Scale Mail Armor
13:50 Town Watch
23:23 Bloodlines
27:58 Castle Age
26:57 Scale Barding Armor
29:16 Iron Casting
28:08 Light Cavalry
30:11 Capped Ram
32:59 Horse Collar
37:35 Hand Cart
37:11 Double-Bit Axe
37:46 Town Patrol
38:11 Chain Barding Armor
37:45 Fletching
38:54 Bodkin Arrow
OMAR101226
0:33 Loom
12:34 Feudal Age
13:38 Double-Bit Axe
13:35 Horse Collar
24:18 Castle Age
25:44 Bow Saw
25:37 Heavy Plow
26:16 Pikeman
26:57 Squires
26:42 Arson
26:18 Light Cavalry
30:00 Chemistry
31:14 Forging
31:05 Scale Mail Armor
31:10 Scale Barding Armor
32:17 Ballistics
35:17 Imperial Age
34:51 Husbandry
35:50 Arrowslits
37:18 Wheelbarrow
37:45 Two-Man Saw
38:24 Elite Hussite Wagon
39:10 Wagenburg Tactics
39:30 Hand Cart
40:13 Masonry
40:09 Siege Engineers
39:59 Murder Holes
Mehaverage
10:45 Feudal Age
30:18 Castle Age
38:48 Loom
Boerdy
3:05 Loom
10:46 Feudal Age
11:37 Horse Collar
13:48 Double-Bit Axe
19:10 Castle Age
18:00 Fletching
20:24 Bow Saw
21:39 Forging
23:43 Bodkin Arrow
35:01 Imperial Age
33:43 Eupseong
35:16 Wheelbarrow
36:46 Chemistry
36:32 Bracer
37:11 Ballistics
37:04 Masonry
41:11 Squires
Connection lost

Rejoining the realm…

Still unreachable

The connection could not be restored.

Session expired

The server has moved on; the page needs a fresh start.